 Dungeon Crawl Stone Soup version 0.30-a0-696-g2367cd04db (webtiles) character file.

Game seed: 1292414014213232331

78 funkygono the Firebug (level 4, -3/30 HPs)
             Began as a Demonspawn Fire Elementalist on Jan 20, 2023.
             Slain by an orc
             ... wielding a +0 club
              (5 damage)
             ... on level 3 of the Dungeon.
             The game lasted 00:02:24 (2299 turns).

funkygono the Firebug (DsFE)                        Turns: 2299, Time: 00:02:24

Health: -3/30      AC:  6    Str:  9    XL:     4   Next: 15%
Magic:  1/7        EV: 12    Int: 24    God:
Gold:   106        SH:  0    Dex: 13    Spells: 2/8 levels left

rFire   . . .      SeeInvis .    c - +0 mace
rCold   . . .      Faith    .    (no shield)
rNeg    . . .      Spirit   .    a - +0 robe
rPois   .          Reflect  .    (no helmet)
rElec   .          Harm     .    (no cloak)
rCorr   .          Rampage  .    (no gloves)
Will    .....                    (no boots)
Stlth   ++                       (no amulet)
HPRegen 0.25/turn                m - +6 ring of intelligence
MPRegen 0.10/turn                l - +4 ring of protection

@: no status effects
A: weakness stinger 2
a: no special abilities


You were on level 3 of the Dungeon.
You visited 1 branch of the dungeon, and saw 3 of its levels.

You collected 106 gold pieces.

Inventory:

Hand Weapons
 c - a +0 mace (weapon)
Armour
 a - a +0 robe (worn)
Jewellery
 l - a +4 ring of protection (right hand)
 m - a +6 ring of intelligence (left hand)
Scrolls
 e - a scroll of silence {unknown}
 f - a scroll of magic mapping {unknown}
 i - 5 scrolls of identify {unknown}
 j - a scroll of immolation {unknown}
 k - a scroll of teleportation {unknown}
Potions
 b - a potion of magic
 d - 2 potions of mutation {unknown}
 g - 3 potions of might {unknown}
 h - a potion of invisibility {unknown}
 n - a potion of curing


   Skills:
 + Level 0.2 Fighting
 + Level 2.0 Dodging
 - Level 1.7 Stealth
 + Level 2.6 Spellcasting
 + Level 1.9 Conjurations
 + Level 3.7 Fire Magic


You had 2 spell levels left.
You knew the following spells:

 Your Spells              Type           Power      Damage    Failure   Level
a - Foxfire               Conj/Fire      64%        2x1d7     3%          1
b - Scorch                Fire           40%        2d7       3%          2
c - Kindle Blastsparks    Fire/Tloc/Air  18%        2d11      21%         3

Your spell library contained the following spells:

 Spells                   Type           Power      Damage    Failure   Level
 Inner Flame              Hex/Fire       12%        N/A       16%         3
 Flame Wave               Conj/Fire      16%        2d7       34%         4


Dungeon Overview and Level Annotations

Branches:
Dungeon (3/15)

Altars:
Ru


Innate Abilities, Weirdness & Mutations

You have a tail ending in a sharp stinger.


Message History

Confirm with . or Enter, or press ? or * to list all spells.
You conjure some foxfire!
The foxfire hits the orc but does no damage.
The orc hits you but does no damage.
An orc comes into view. It is wielding a +0 flail.
Casting: Foxfire (safe; 3% risk of failure)
Confirm with . or Enter, or press ? or * to list all spells.
You conjure some foxfire!
The foxfire hits the orc but does no damage. x3
The foxfire hits the orc.
The orc is lightly wounded.
Casting: Foxfire (safe; 3% risk of failure)
Confirm with . or Enter, or press ? or * to list all spells.
You don't have enough magic to cast this spell.
Casting: Foxfire (safe; 3% risk of failure)
Confirm with . or Enter, or press ? or * to list all spells.
You don't have enough magic to cast this spell.
Casting: Foxfire (safe; 3% risk of failure)
Confirm with . or Enter, or press ? or * to list all spells.
You don't have enough magic to cast this spell.
The orc priest closely misses you. The orc attacks as you move away!
The orc closely misses you. The orc hits you but does no damage.
You closely miss the orc. The orc barely misses you. x3
The orc hits you with a +0 flail!
* * * LOW HITPOINT WARNING * * *
An orc comes into view. It is wielding a +0 short sword.
You barely miss the orc. The orc hits you with a +0 club.
* * * LOW HITPOINT WARNING * * *
The orc closely misses you.
The orc shouts!
You hit the orc.
The orc is heavily wounded.
The orc hits you but does no damage. The orc hits you with a +0 flail.
* * * LOW HITPOINT WARNING * * *
The orc barely misses you. The orc closely misses you.
You hit the orc but do no damage.
The orc is heavily wounded.
The orc hits you with a +0 club.
You die...

...#######
.........## .
.#.... ^..........
..#.>...
.....>....# ......#
...######.# #.....#
.#.# ##o....#
.#.#### .......#
......### .#o#o..#
..###...#
##.#@#o..# ..#
###.# #..#o#..[#
.##
#.#####.##o..o.# ##
#....##.##o.#### #
####........#
##########...####.#
...........### #.#
.....####### ...
###.o..#######.
...#


You could see 5 orcs.

Vanquished Creatures
  An orc wizard (D:3)
  An adder (D:2)
  2 dart slugs (D:1)
  3 orcs (D:3)
  3 ball pythons (D:1)
  4 endoplasms
  3 giant cockroaches (D:1)
  A goblin (D:2)
  4 kobolds
  2 quokkas
  6 bats
  A frilled lizard (D:2)
  6 rats
37 creatures vanquished.

Vanquished Creatures (others)
  123 foxfires
123 creatures vanquished.

Grand Total: 160 creatures vanquished

Notes
Turn   | Place    | Note
-------+----------+-------------------------------------------
     0 | D:1      | funkygono the Demonspawn Fire Elementalist began the quest
                  | for the Orb.
     0 | D:1      | Reached XP level 1. HP: 13/13 MP: 3/3
   176 | D:1      | Reached skill level 3 in Fire Magic
   324 | D:1      | Gained mutation: You have a small tail. [demonic ancestry]
   324 | D:1      | Reached XP level 2. HP: 19/19 MP: 3/5
   327 | D:1      | Learned a level 2 spell: Scorch
  1194 | D:2      | Gained mutation: You have a tail ending in a sharp stinger.
                  | [demonic ancestry]
  1194 | D:2      | Reached XP level 3. HP: 24/24 MP: 3/6
  1198 | D:2      | Learned a level 3 spell: Kindle Blastsparks
  1697 | D:2      | Found a sacrificial altar of Ru.
  2181 | D:3      | Reached XP level 4. HP: 24/30 MP: 0/7
  2299 | D:3      | Slain by an orc

Illustrated notes

Levels and vault maps discovered:
D:1:      dpeg_arrival_tiny_f, layout_rooms, minmay_misc_feat_enclosed,
          minmay_parallelograms, chequers_hall_statues_wall_a, nicolae_titane
D:2:      layout_loops_ring, basic_altar, reono_crystal_passage, minivault_4
D:3:      layout_rooms, mainiacjoe_overflow_catwalk

Skill      XL: |  1  2 |
---------------+-------+-----
Fire Magic     | 3 |  3.7
Dodging        | 2 |  2.0
Fighting       | |  0.2
Stealth        | |  1.7
Spellcasting   | |  2.6
Conjurations   | |  1.9

Action                   |  1- 3 |  4- 6 || total
-------------------------+-------+-------++-------
Melee: Mace              |     5 |     4 ||     9
 Cast: Foxfire           |    64 |     7 ||    71
       Scorch            |     6 |       ||     6
Armor: Robe              |     3 |     3 ||     6
Dodge: Dodged            |    13 |     8 ||    21

Table legend: (Time is in decaauts)
 A = Elapsed time spent in this place.
 B = Non-inter-level travel time spent in this place.
 C = Inter-level travel time spent in this place.
 D = Time resting spent in this place.
 E = Time spent auto-exploring this place.
 F = Levels seen in this place.
 G = Mean time per level.
                   A        B        C        D        E       F      G
               +--------+--------+--------+--------+--------+-----+--------+
         Total |   2301 |   2221 |     80 |      0 |   1939 |   3 |  767.0 |
       Dungeon |   2301 |   2221 |     80 |      0 |   1939 |   3 |  767.0 |
               +--------+--------+--------+--------+--------+-----+--------+

Top non-repeatable levels by time:
     D:1: 1017 daAuts
     D:2: 899 daAuts
     D:3: 384 daAuts
